Map: Odyssey LE

Players

Vaisravana - Winner!

  • Race: Terran Terran
  • League: Master
  • Spawn Location: 5:00

Miaha

  • Race: Zerg Zerg
  • League: Diamond
  • Spawn Location: 11:00

VOD

Have the link to the VOD?

Description

Time

  • Played on: July 18, 2017, 9:54 a.m.
  • Length: 14:09
Show
View Real Time Build Order
Export as new Build Order

Vaisravana Terran - Winner!

Build Orders: Reaper Expand, MMM Bio 

Get SALT Encoding   

  12  0:00  SCV  
  13  0:12  SCV  
  14  0:17  Supply Depot  
  14  0:24  SCV  
  15  0:39  SCV  
  15  0:41  Barracks  
  16  0:46  Refinery  
  16  0:51  SCV  
  17  1:03  SCV  
  18  1:15  SCV  
  19  1:28  Orbital Command  
  19  1:29  Reaper  
  20  1:41  Command Center  
  20  1:53  SCV  
  21  1:56  Barracks  
  21  2:02  Barracks Reactor  
  21  2:05  SCV  
  22  2:14  Supply Depot  
  22  2:16  Refinery  
  22  2:17  SCV  
  23  2:24  Factory  
  23  2:35  SCV  
  24  2:38  Marine  
  24  2:39  Marine  
  24  2:43  Barracks Tech Lab  
  26  2:47  SCV  
  27  2:53  Orbital Command  
  27  2:57  Marine  
  27  2:58  Marine  
  29  2:59  SCV  
  29  3:04  Marine  
  31  3:09  Stimpack  
  31  3:11  SCV  
  32  3:20  SCV  
  32  3:22  Starport  
  32  3:24  Factory Reactor, SCV  
  34  3:27  Marine  
  34  3:28  Marine  
  34  3:30  Marine  
  34  3:33  SCV  
  38  3:36  SCV  
  39  3:45  SCV, Marine  
  39  3:46  Marine  
  39  3:48  SCV  
  43  3:51  Marine  
  43  3:55  Supply Depot  
  44  3:57  SCV  
  44  3:59  Supply Depot  
  45  4:05  Marine  
  46  4:11  Marine  
  46  4:16  SCV x2, Medivac x2, Marine  
  53  4:21  Engineering Bay  
  53  4:24  Engineering Bay  
  53  4:29  SCV x2, Marine x2  
  57  4:34  Marine  
  57  4:36  Supply Depot  
  58  4:41  SCV x2  
  60  4:51  Terran Infantry Weapons Level 1  
  60  4:52  Terran Infantry Armor Level 1  
  60  4:53  SCV x2  
  60  4:57  Supply Depot  
  62  5:05  SCV x2, Marine x3  
  67  5:09  Medivac  
  69  5:14  Supply Depot  
  69  5:17  SCV  
  69  5:19  SCV  
  71  5:22  Marine  
  71  5:23  Marine, Command Center  
  72  5:29  SCV, Marine  
  72  5:31  SCV  
  72  5:34  Combat Shields  
  75  5:41  SCV  
  76  5:43  SCV  
  76  5:44  Barracks  
  76  5:45  Barracks x2, Marine x2  
  79  5:53  SCV  
  79  6:03  SCV  
  80  6:05  SCV  
  80  6:07  Armory  
  80  6:09  Barracks  
  80  6:10  Refinery, Barracks  
  80  6:11  Refinery  
  81  6:15  SCV  
  81  6:17  SCV, Marine x3  
  86  6:31  SCV x2, Factory Reactor  
  86  6:32  Supply Depot x2  
  88  6:33  Barracks Tech Lab x2  
  88  6:36  Barracks Tech Lab  
  88  6:40  Orbital Command  
  88  6:43  SCV x2  
  90  6:55  SCV x2  
  90  6:57  Concussive Shells  
  90  6:58  Barracks Reactor x2  
  92  7:05  Marauder x3  
  92  7:06  Marauder, Marine x2  
  92  7:07  Medivac  
  103  7:12  Terran Infantry Weapons Level 2  
  103  7:13  SCV  
  104  7:25  Widow Mine x2  
  104  7:26  Medivac  
  104  7:28  Orbital Command  
  107  7:32  Marine  
  107  7:33  Marauder x3, Marine  
  115  7:39  Terran Infantry Armor Level 2  
  115  7:41  Marine x2  
  115  7:42  Marine  
  118  7:54  SCV x2  
  118  7:57  Marine x2  
  118  7:58  Marauder  
  124  7:59  Refinery  
  124  8:02  Bunker  
  124  8:09  Supply Depot x2  
  124  8:13  Marine  
  125  8:30  Medivac, Widow Mine, Marine x4  
  125  8:31  Marauder x4  
  125  8:32  Widow Mine  
  143  8:40  Supply Depot  
  143  8:41  Supply Depot x2  
  143  8:48  Marine, Command Center  
  143  8:52  Marauder x2  
  148  8:58  Marine  
  148  9:02  Marauder x2  
  148  9:14  Marauder  
  142  9:25  Marauder x2, Marine x2  
  142  9:26  Marauder, Widow Mine x2, Marine x2  
  142  9:27  Medivac x2  
  142  9:30  Terran Infantry Weapons Level 3  
  151  9:35  Marauder  
  119  9:39  Marine x2  
  121  9:46  Marine x4  
  121  9:47  Marauder x2  
  129  9:57  Marine  
  129  9:58  Marauder x2, Widow Mine, Marine  
  137  10:03  Marine  
  137  10:04  Marine  
  139  10:07  Marine  
  139  10:08  Marauder, Marine  
  139  10:09  Marauder  
  139  10:11  Medivac  
  147  10:15  Marine x2  
  147  10:19  Marauder, Marine  
  152  10:27  Marine  
  153  10:29  Marauder, Widow Mine x2  
  153  10:30  Medivac  
  153  10:35  Planetary Fortress  
  159  10:36  Refinery  
  159  10:48  Marauder x2, Marine  
  164  10:55  Marauder x2, Marine x2  
  164  10:56  SCV x3  
  167  11:06  Marine  
  167  11:08  SCV x3  
  167  11:09  Marauder x2, Marine  
  172  11:19  Marine  
  163  11:26  Marine  
  163  11:27  Marauder  
  143  11:32  Marine  
  143  11:33  Marauder x3, Widow Mine, Marine x2  
  143  11:34  Medivac x2, Widow Mine  
  143  11:35  Marine  
  152  11:42  Marine  
  152  11:46  Marine  
  150  11:48  Marauder  
  156  11:54  Marauder x3  
  158  12:14  Marauder, Marine  
  154  12:15  Marauder  
  154  12:19  Marauder x2  
  154  12:20  Marine x3  
  154  12:21  Marine x2  
  161  12:28  Supply Depot x2  
  161  12:30  Supply Depot  
  161  12:32  Marine, Supply Depot  
  161  12:36  Marauder  
  166  12:37  Marauder  
  166  12:38  Widow Mine, Marine x3  
  171  12:47  Marine  
  171  12:49  Marauder, Medivac x2, Widow Mine  
  171  12:50  Marauder  
  182  12:53  Command Center  
  182  13:00  Marauder x2, Marine x5  
  182  13:05  Marine  
  192  13:11  Marauder  
  192  13:12  Marauder  
  196  13:18  Marine  
  197  13:21  Marauder  
  199  13:29  Starport  
Show
View Real Time Build Order
Export as new Build Order

Miaha Zerg 

Build Orders: Pool First 

Get SALT Encoding   

  12  0:00  Drone  
  13  0:12  Overlord  
  13  0:17  Drone  
  14  0:31  Drone x2  
  14  0:35  Drone  
  17  0:45  Extractor  
  17  0:47  Spawning Pool  
  15  0:52  Drone  
  15  0:56  Drone  
  17  1:15  Hatchery  
  16  1:20  Drone  
  17  1:25  Drone  
  18  1:34  Zergling x2  
  18  1:38  Queen  
  21  1:47  Overlord  
  21  1:52  Metabolic Boost  
  21  1:59  Drone  
  22  2:14  Queen  
  24  2:18  Drone x2  
  26  2:26  Queen  
  28  2:37  Drone x3  
  31  2:48  Overlord, Drone  
  32  2:59  Drone  
  32  3:05  Hatchery  
  32  3:16  Drone x5  
  32  3:17  Drone  
  38  3:30  Overlord, Drone  
  38  3:31  Drone x2  
  41  3:43  Overlord, Drone x3  
  44  3:48  Queen  
  44  3:49  Queen  
  48  3:59  Overlord  
  48  4:02  Extractor  
  47  4:05  Evolution Chamber x2  
  45  4:10  Drone x3  
  45  4:11  Drone x3  
  51  4:24  Overlord x4  
  51  4:25  Overlord  
  51  4:29  Queen  
  51  4:30  Zergling x2  
  51  4:31  Zergling x2  
  55  4:38  Zerg Ground Armor Level 1  
  55  4:44  Zerg Melee Weapons Level 1  
  55  4:48  Zergling x12  
  61  4:56  Lair  
  61  4:58  Drone x2  
  61  4:59  Drone  
  64  5:06  Zergling x8  
  64  5:07  Zergling x2  
  69  5:11  Baneling Nest  
  67  5:15  Zergling x8  
  68  5:28  Zergling x2  
  68  5:29  Zergling x4  
  68  5:35  Drone  
  68  5:36  Drone x6  
  75  5:49  Drone x5  
  82  5:50  Drone x2  
  82  5:55  Zergling x2  
  76  5:58  Baneling x6  
  76  6:03  Extractor  
  75  6:06  Queen  
  75  6:08  Centrifical Hooks, Hatchery  
  76  6:23  Drone  
  76  6:24  Drone x3  
  80  6:26  Extractor, Zergling x18  
  80  6:29  Baneling x4  
  88  6:38  Drone x3  
  88  6:39  Drone  
  92  6:40  Extractor  
  92  6:42  Zerg Ground Armor Level 2  
  92  6:44  Drone x2  
  92  6:45  Drone x4  
  97  7:10  Zerg Melee Weapons Level 2  
  97  7:14  Extractor, Hydralisk Den  
  95  7:22  Zergling x18  
  104  7:23  Overlord x2  
  104  7:24  Overseer, Overlord x3  
  104  7:26  Hatchery  
  100  7:36  Spore Crawler  
  99  7:44  Muscular Augments  
  99  7:47  Hydralisk x6  
  111  7:53  Hydralisk x2  
  115  7:59  Drone x3  
  115  8:00  Drone  
  115  8:02  Zergling x12  
  125  8:08  Baneling x8  
  125  8:19  Zergling x6  
  128  8:21  Overlord x6  
  128  8:38  Queen  
  130  8:58  Zergling x32  
  130  8:59  Zergling x2  
  130  9:00  Baneling  
  130  9:01  Baneling x14  
  146  9:06  Extractor  
  142  9:13  Overseer  
  142  9:14  Hydralisk x7  
  145  9:18  Hatchery  
  129  9:33  Zergling x24  
  128  9:46  Overlord  
  128  9:48  Zerg Missile Weapons Level 1, Zergling x4  
  128  9:49  Zergling x10  
  135  10:07  Zergling x2  
  135  10:08  Zergling x18  
  145  10:14  Overseer  
  145  10:19  Pneumatized Carapace  
  145  10:24  Hatchery  
  145  10:27  Zergling x26  
  157  10:30  Baneling  
  157  10:31  Baneling x21  
  157  10:33  Spore Crawler  
  146  10:53  Hydralisk x9  
  164  10:57  Infestation Pit  
  157  11:08  Baneling x8  
  157  11:11  Drone x4  
  153  11:12  Drone  
  120  11:33  Zergling x2  
  120  11:34  Zergling x20  
  127  11:44  Baneling x12  
  124  11:49  Zergling x4  
  124  11:50  Zergling x2  
  127  11:59  Zergling x8  
  131  12:02  Baneling x2  
  128  12:11  Zergling x4  
  128  12:12  Zergling x6  
  130  12:20  Hive  
  130  12:24  Zergling x10  
  135  12:40  Hydralisk x5  
  145  12:46  Drone x2  
  147  12:56  Drone x10  
  157  12:58  Drone x2  
  159  13:16  Zergling x2  
  159  13:17  Zergling x28  
  174  13:25  Spore Crawler  
  173  13:27  Spore Crawler  
  153  13:49  Zergling x20  
  153  13:50  Zergling x20  
Tags
 
Add a new tag
Caveats
  • Supply blocks, unpowered buildings, or Contaminate may cause inaccurate times.
  • Supply counts are checked every 10 seconds.